Map: Cactus Valley LE (Void)

Players

HellraiseR - Winner!

  • Race: Protoss Protoss
  • League: Master
  • Spawn Location: 1:00

Railgan

  • Race: Zerg Zerg
  • League: Grandmaster
  • Spawn Location: 5:00

VOD

Have the link to the VOD?

Description

Time

  • Played on: March 11, 2017, 3:28 p.m.
  • Length: 8:34
Show
View Real Time Build Order
Export as new Build Order

HellraiseR Protoss - Winner!

Build Orders: 1 Gate Expand, Oracle Opening 

Get SALT Encoding   

  12  0:01  Probe (Chrono Boost)  
  13  0:12  Probe (Chrono Boost)  
  14  0:20  Pylon  
  14  0:22  Probe (Chrono Boost)  
  15  0:39  Probe (Chrono Boost)  
  16  0:43  Gateway  
  16  0:49  Probe (Chrono Boost)  
  17  0:52  Assimilator  
  17  1:00  Probe (Chrono Boost)  
  18  1:08  Pylon  
  18  1:10  Probe (Chrono Boost)  
  19  1:25  Nexus  
  19  1:29  Probe (Chrono Boost)  
  20  1:40  Cybernetics Core  
  20  1:43  Probe (Chrono Boost)  
  21  1:48  Assimilator  
  21  1:53  Probe (Chrono Boost)  
  22  1:56  Pylon  
  22  2:04  Probe (Chrono Boost)  
  23  2:13  Adept  
  24  2:16  Probe (Chrono Boost)  
  24  2:17  Warp Gate  
  26  2:28  Probe (Chrono Boost)  
  27  2:38  Probe (Chrono Boost)  
  27  2:39  Probe (Chrono Boost)  
  27  2:40  Stargate  
  27  2:43  Adept  
  31  2:48  Probe (Chrono Boost)  
  31  2:49  Probe (Chrono Boost)  
  33  2:59  Probe (Chrono Boost)  
  33  3:00  Probe (Chrono Boost)  
  35  3:09  Probe (Chrono Boost)  
  35  3:10  Probe (Chrono Boost), Stalker  
  40  3:20  Probe (Chrono Boost)  
  40  3:23  Oracle, Gateway  
  40  3:24  Gateway, Probe (Chrono Boost)  
  39  3:30  Probe (Chrono Boost)  
  43  3:35  Pylon  
  43  3:38  Probe (Chrono Boost)  
  45  3:41  Probe (Chrono Boost)  
  45  3:49  Twilight Council  
  45  3:50  Probe (Chrono Boost)  
  45  3:53  Adept, Probe (Chrono Boost)  
  49  3:57  Assimilator  
  49  4:01  Assimilator  
  49  4:02  Probe (Chrono Boost)  
  50  4:03  Probe (Chrono Boost)  
  50  4:07  Pylon  
  52  4:19  Pylon, Void Ray  
  51  4:29  Mothership Core (Chrono Boost)  
  51  4:30  Pylon x2  
  57  4:33  Adept  
  57  4:36  Zealot  
  59  4:38  Adept  
  60  4:47  Probe x2 (Chrono Boost)  
  59  4:54  Adept  
  59  4:58  Stalker  
  59  4:59  Stalker  
  60  5:00  Void Ray  
  60  5:01  Probe (Chrono Boost)  
  61  5:12  Pylon  
  59  5:14  Pylon  
  59  5:18  Sentry  
  59  5:19  Probe (Chrono Boost)  
  54  5:23  Probe (Chrono Boost)  
  51  5:29  Probe (Chrono Boost)  
  51  5:30  Resonating Glaives  
  51  5:31  Sentry  
  51  5:35  Probe (Chrono Boost)  
  55  5:41  Probe (Chrono Boost)  
  56  5:47  Probe (Chrono Boost)  
  57  5:52  Pylon  
  57  5:53  Probe (Chrono Boost)  
  58  5:59  Probe (Chrono Boost)  
  58  6:01  Adept  
  58  6:03  Adept x2  
  66  6:05  Probe (Chrono Boost)  
  66  6:10  Void Ray  
  67  6:17  Probe (Chrono Boost)  
  72  6:23  Gateway  
  72  6:24  Gateway  
  71  6:27  Sentry x2  
  71  6:31  Gateway  
  75  6:34  Adept  
  77  6:50  Void Ray, Adept x2  
  77  6:53  Pylon, Probe (Chrono Boost)  
  82  7:00  Adept  
  88  7:11  Pylon  
  88  7:12  Pylon  
  88  7:15  Sentry x2  
  92  7:23  Adept x2  
  92  7:24  Adept  
  92  7:27  Adept  
  100  7:30  Pylon  
  100  7:39  Pylon  
  100  7:44  Adept x4  
  100  7:47  Sentry  
  106  8:20  Adept  
  106  8:21  Adept x5  
Show
View Real Time Build Order
Export as new Build Order

Railgan Zerg 

Build Orders: Hatch First 

Get SALT Encoding   

  12  0:01  Drone  
  13  0:12  Overlord  
  13  0:18  Drone  
  14  0:31  Drone x2  
  16  0:37  Drone  
  17  0:50  Drone  
  18  0:59  Hatchery  
  18  1:00  Drone  
  18  1:15  Spawning Pool  
  17  1:19  Extractor  
  17  1:20  Drone  
  17  1:22  Drone  
  18  1:28  Drone  
  19  1:41  Drone  
  20  1:50  Hatchery  
  19  1:54  Drone  
  20  2:02  Overlord  
  20  2:09  Queen  
  22  2:19  Queen  
  24  2:25  Metabolic Boost  
  24  2:29  Drone  
  25  2:32  Drone  
  25  2:36  Zergling x2  
  27  2:39  Zergling x2  
  28  2:48  Roach Warren  
  27  2:52  Zergling x2  
  27  2:55  Drone  
  29  3:04  Drone x2  
  31  3:13  Drone  
  31  3:17  Overlord  
  31  3:18  Drone  
  32  3:20  Drone  
  32  3:25  Overlord  
  33  3:37  Overlord  
  33  3:38  Roach  
  33  3:39  Roach  
  37  3:43  Roach  
  37  3:47  Roach  
  41  3:50  Roach  
  41  3:53  Roach  
  45  3:58  Roach  
  45  4:00  Roach  
  49  4:04  Roach  
  49  4:08  Roach  
  53  4:11  Roach  
  53  4:15  Roach  
  53  4:16  Zergling x2  
  58  4:22  Overlord  
  58  4:25  Zergling x2  
  57  4:41  Zergling x14  
  61  4:48  Ravager  
  61  4:51  Zergling x2  
  60  4:53  Zergling x2  
  56  5:03  Zergling x14  
  59  5:10  Zergling x8  
  55  5:15  Zergling x2  
  51  5:24  Drone  
  51  5:25  Drone x3  
  51  5:26  Drone  
  51  5:34  Drone  
  50  5:37  Baneling Nest  
  50  5:41  Drone  
  50  5:42  Drone x3  
  52  5:47  Drone x2  
  54  5:50  Spore Crawler  
  54  5:55  Spore Crawler  
  52  5:59  Spore Crawler  
  52  6:04  Drone  
  52  6:05  Queen  
  49  6:13  Drone x4  
  53  6:19  Lair  
  53  6:28  Drone x5  
  58  6:35  Overlord  
  58  6:37  Extractor x2  
  58  6:38  Drone x2  
  58  6:54  Zergling x18  
  58  6:58  Roach x2  
  70  7:02  Overlord  
  70  7:10  Roach x2  
  70  7:11  Overlord  
  70  7:14  Baneling x2  
  70  7:15  Baneling x2  
  74  7:20  Queen  
  76  7:27  Ravager  
  76  7:28  Ravager  
  76  7:29  Roach x2  
  82  7:39  Hydralisk Den, Drone x5  
  82  7:41  Extractor  
  84  7:46  Drone x2  
  84  7:47  Drone  
  87  7:55  Baneling x3  
  87  7:56  Baneling x5  
  87  7:58  Zergling x6  
  87  8:03  Zergling x2  
Tags
 
Add a new tag
Caveats
  • Supply blocks, unpowered buildings, or Contaminate may cause inaccurate times.
  • Supply counts are checked every 10 seconds.